 Dungeon Crawl Stone Soup version 0.21.1-1-g345015f (webtiles) character file.

11603 lrcuk01 the Cleaver (level 11, -7/87 HPs)
             Began as a Minotaur Berserker on Feb 15, 2018.
             Was a High Priest of Trog.
             Mangled by an orc warrior
             ... wielding a +0 glaive
              (15 damage)
             ... on level 2 of the Orcish Mines on Feb 19, 2018.
             The game lasted 01:33:24 (12618 turns).

lrcuk01 the Cleaver (Minotaur Berserker)           Turns: 12618, Time: 01:33:25

Health: -7/87      AC: 17    Str: 25      XL:     11   Next: 51%
Magic:  3/3        EV:  5    Int:  5 (6)  God:    Trog [*****.]
Gold:   1038       SH: 17    Dex:  9 (10) Spells: 10/10 levels left

rFire    . . .     SeeInvis .   n - +4 broad axe (antimagic)
rCold    . . .     Gourm    .   k - +0 large shield
rNeg     . . .     Faith    .   o - +0 plate armour
rPois    .         Spirit   .   (helmet restricted)
rElec    .         Reflect  .   (no cloak)
rCorr    .         Harm     .   (no gloves)
MR       .....                  (no boots)
Stlth    ..........             (no amulet)
HPRegen  0.24/turn              E - +4 ring of protection
MPRegen  0.08/turn              (no ring)

@: about to teleport
A: retaliatory headbutt, horns 2, blink, clever 1, frail 1
a: Blink, Berserk, Trog's Hand, Brothers in Arms, Burn Spellbooks, Renounce
Religion


You were on level 2 of the Orcish Mines.
You worshipped Trog.
Trog was extremely pleased with you.
You were near starving.

You visited 2 branches of the dungeon, and saw 12 of its levels.
You also visited: Ossuary.

You collected 1038 gold pieces.

Inventory:

Hand Weapons
 a - a +4 hand axe
 j - a cursed -1 dagger
 n - a +4 antimagic broad axe (weapon)
 u - a cursed +2 hand axe
 v - a +1 flail of holy wrath
 y - the +1 mace "Mopyper" {crush, Str+3, unknown}
   (You found it on level 7 of the Dungeon)

   It inflicts extra damage upon your enemies.
   It affects your strength (+3).
 C - a +6 antimagic executioner's axe
 F - a +4 quarterstaff of chaos
 I - a cursed -1 flail
 L - a +6 hand crossbow of freezing
 P - a cursed -3 falchion
Missiles
 B - 19 tomahawks
 H - 5 poisoned javelins (quivered)
Armour
 d - a +3 chain mail
 k - a +0 large shield (worn)
 o - a +0 plate armour (worn)
 t - a cursed +0 robe
 A - a +0 cloak
 D - a +3 ring mail
Magical Staves
 s - an uncursed staff of poison {unknown}
Jewellery
 f - an uncursed ring of wizardry
 m - an uncursed amulet of magic regeneration
 q - an uncursed ring of fire {unknown}
 w - an uncursed ring of poison resistance {unknown}
 E - a +4 ring of protection (left hand)
Wands
 b - a wand of iceblast (6)
 r - a wand of paralysis (1)
 M - a wand of disintegration (3)
Scrolls
 e - 3 scrolls of noise
 g - 2 scrolls of teleportation
 l - 10 scrolls of remove curse
 p - 2 scrolls of fear
 K - a scroll of immolation {unknown}
Potions
 h - 3 potions of resistance
 i - 2 potions of curing
 x - 3 potions of agility
 z - a potion of magic
Comestibles
 c - 13 rations


   Skills:
 + Level 9.5 Fighting
 + Level 14.9 Axes
 + Level 1.1 Throwing
 + Level 8.7 Armour
 + Level 4.3 Dodging
 + Level 0.9 Stealth
 + Level 9.0 Shields


You had 10 spell levels left.
You didn't know any spells.

Dungeon Overview and Level Annotations

Branches:
Dungeon (10/15)            Temple (0/1) D:7             Orc (2/2) D:10
   Lair: D:8-11         Elf: Orc:2

Altars:
Cheibriados
Elyvilon
Fedhas
Gozag
Makhleb
Nemelex Xobeh
Okawaru
Qazlal
Ru
Trog
Uskayaw
Vehumet
Xom
Beogh

Portals:
Trove: D:10 (give +3 shadow dragon scales)

Annotations:
D:9 tidbits's ghost, novice GnTm


Innate Abilities, Weirdness & Mutations

You reflexively headbutt those who attack you in melee.
You have a pair of horns on your head.
You can translocate small distances at will.
Your mind is acute. (Int +2)
You are frail. (-10% HP)


Message History

You block the sixfirhy's attack.
You closely miss the sixfirhy. You block the orc warrior's attack.
You miss the sixfirhy. You block the orc warrior's attack.
You completely miss the sixfirhy. The sixfirhy completely misses you.
The sixfirhy hits you. The sixfirhy shocks you! The sixfirhy hits you.
The sixfirhy shocks you!
You hit the sixfirhy. Your headbutt misses the sixfirhy.
The sixfirhy is lightly wounded.
The sixfirhy hits you. The sixfirhy shocks you!
* * * LOW HITPOINT WARNING * * *
You block the sixfirhy's attack.
The sixfirhy hits you but does no damage.
You block the orc warrior's attack. The sixfirhy hits you!
* * * LOW HITPOINT WARNING * * *
The sixfirhy shocks you!
* * * LOW HITPOINT WARNING * * *
As you read the scroll of teleportation, it crumbles to dust.
You feel strangely unstable. You block the sixfirhy's attack.
The orc warrior hits you from afar with a glaive!
You die...

#.# #..#.# .## ####..###
..## #..#....##
..o#######........##
....ooo..o.........####
...o.#####o.o......#..##
.....#._.#...o.........##
#....#.8.#..##o3........##
#..#.#...#...##.@........##
####.#)###...#####........#
####...)......####.......##
.#..............#.......##
.#.....#............#..##
.......##...........####
....####.............#
...#..#####......#..##
..##### #.##......#.#


You could see a sixfirhy, an orc sorcerer, an orc warrior and 3 orcs.

Vanquished Creatures
  A two-headed ogre (D:9)
  The ghost of SaintRoka the Chucker, a novice OgGl of Okawaru (D:7)
  Pikel (D:8)
  Maurice (D:8)
  A gargoyle (D:10)
  3 slime creatures (D:10)
  2 hippogriffs
  11 yaks
  A human (D:8)
  2 wyverns
  A warg (Orc:2)
  6 orc warriors
  4 slaves (D:8)
  6 sky beasts
  A black bear (D:9)
  4 phantoms
  4 ogres
  4 centaurs
  3 big kobolds
  6 bullfrogs
  18 scorpions
  3 wights (D:10)
  4 killer bees (D:8)
  A howler monkey (D:6)
  12 crimson imps
  2 centaur zombies
  A human zombie (Ossuary)
  3 jellies
  3 hounds
  Crazy Yiuf (D:7)
  5 orc priests
  18 orc wizards
  3 bullfrog skeletons
  3 centaur skeletons
  4 iguanas
  5 worker ants
  2 big kobold zombies (Ossuary)
  A hound zombie (D:5)
  2 hound skeletons
  3 mummies (Ossuary)
  4 gnolls (D:9)
  11 adders
  7 scorpion zombies (Ossuary)
  7 river rats (D:6)
  A shadow imp (D:7)
  3 oozes
  3 adder skeletons
  4 worms
  2 dart slugs (D:2)
  8 leopard geckos
  39 orcs
  5 giant cockroaches
  10 goblins
  4 hobgoblins
  27 jackals
  8 quokkas (D:6)
  4 ball pythons
  11 bats
  3 frilled lizards
  2 gnoll zombies (Ossuary)
  3 goblin zombies (Ossuary)
  2 hobgoblin zombies (Ossuary)
  17 kobolds
  2 kobold zombies (Ossuary)
  3 orc zombies (Ossuary)
  23 rats
370 creatures vanquished.

Vanquished Creatures (others)
  An orc priest (D:6)
  2 worker ants (D:6)
  2 orc wizards (D:6)
  A bat (D:2)
  A giant cockroach (D:6)
  A gnoll zombie (Ossuary)
8 creatures vanquished.

Grand Total: 378 creatures vanquished

Notes
Turn   | Place    | Note
-------+----------+-------------------------------------------
     0 | D:1      | lrcuk01 the Minotaur Berserker began the quest for the Orb.
     0 | D:1      | Reached XP level 1. HP: 19/19 MP: 0/0
   182 | D:1      | Reached skill level 4 in Axes
   182 | D:1      | Reached XP level 2. HP: 27/27 MP: 1/1
  1066 | D:2      | Found an iron altar of Okawaru.
  1066 | D:2      | Found a shimmering altar of Xom.
  1070 | D:2      | Reached XP level 3. HP: 33/33 MP: 2/2
  1102 | D:2      | Reached ** piety under Trog
  1229 | D:2      | Found a white marble altar of Elyvilon.
  1334 | D:2      | Reached XP level 4. HP: 40/40 MP: 3/3
  1448 | D:2      | Found a blossoming altar of Fedhas.
  1462 | D:2      | Reached skill level 5 in Axes
  1821 | D:3      | Found a hide-covered altar of Uskayaw.
  1897 | D:3      | Found a burning altar of Makhleb.
  2085 | D:3      | Reached XP level 5. HP: 47/47 MP: 4/4
  2184 | D:3      | Reached *** piety under Trog
  2210 | D:3      | Found an opulent altar of Gozag.
  2371 | D:3      | Reached skill level 6 in Axes
  2371 | D:3      | Reached skill level 1 in Shields
  2782 | D:4      | Noticed a phantom
  2801 | D:4      | Killed a phantom
  2801 | D:4      | Reached XP level 6. HP: 50/53 MP: 5/5
  2867 | D:4      | Found a sacrificial altar of Ru.
  2983 | D:4      | Noticed a hippogriff
  3022 | D:4      | Killed a hippogriff
  3022 | D:4      | Reached XP level 7. HP: 29/60 MP: 6/6
  3492 | D:4      | Reached skill level 7 in Axes
  3583 | D:4      | Found a radiant altar of Vehumet.
  4056 | D:5      | Entered Level 5 of the Dungeon
  4089 | D:5      | Reached skill level 5 in Armour
  4122 | D:5      | Found a sand-covered staircase.
  4163 | D:5      | Reached skill level 5 in Fighting
  4204 | Ossuary  | Entered an ossuary
  4281 | Ossuary  | Reached **** piety under Trog
  4372 | Ossuary  | Reached skill level 8 in Axes
  4396 | Ossuary  | Reached XP level 8. HP: 61/69 MP: 7/7
  4637 | Ossuary  | Reached skill level 5 in Shields
  4642 | Ossuary  | Reached skill level 9 in Axes
  4890 | D:5      | Found a stormy altar of Qazlal.
  5161 | D:5      | Reached skill level 10 in Axes
  5339 | D:5      | Gained mutation: You are frail. (-10% HP) [potion of mutation]
  5339 | D:5      | Gained mutation: Your mind is acute. (Int +2) [potion of mutation]
  5339 | D:5      | Gained mutation: You can translocate small distances at will. [potion of mutation]
  5421 | D:6      | Reached ***** piety under Trog
  5467 | D:6      | Reached XP level 9. HP: 59/70 MP: 8/8
  5476 | D:6      | Found a shimmering altar of Xom.
  5837 | D:6      | Received a gift from Trog
  6640 | D:7      | Reached skill level 11 in Axes
  6660 | D:7      | Noticed SaintRoka's ghost (novice OgGl)
  6671 | D:7      | Killed SaintRoka's ghost
  6704 | D:7      | Received a gift from Trog
  6826 | D:7      | Found a staircase to the Ecumenical Temple.
  6893 | D:7      | Found a sparkling altar of Nemelex Xobeh.
  6952 | D:7      | Reached XP level 10. HP: 77/77 MP: 3/9
  6972 | D:7      | Reached skill level 12 in Axes
  7441 | D:7      | Found a runed door.
  7445 | D:7      | Noticed Crazy Yiuf
  7449 | D:7      | Killed Crazy Yiuf
  7455 | D:7      | Got a warped mace
  7818 | D:8      | Found a snail-covered altar of Cheibriados.
  8229 | D:8      | Noticed Pikel
  8230 | D:8      | Found a bloodstained altar of Trog.
  8234 | D:8      | Killed Pikel
  8234 | D:8      | Reached skill level 13 in Axes
  8234 | D:8      | Reached skill level 1 in Throwing
  8514 | D:8      | Noticed Maurice
  8526 | D:8      | Paralysed by something for 3 turns
  8538 | D:8      | Paralysed by something for 3 turns
  8544 | D:8      | Paralysed by something for 7 turns
  8562 | D:8      | Paralysed by Maurice for 3 turns
  8568 | D:8      | Paralysed by Maurice for 3 turns
  8571 | D:8      | Killed Maurice
  8571 | D:8      | Received a gift from Trog
  8786 | D:9      | Noticed tidbits's ghost (novice GnTm)
  9828 | D:9      | Received a gift from Trog
 10071 | D:9      | Reached skill level 14 in Axes
 10182 | D:9      | Reached XP level 11. HP: 82/85 MP: 3/10
 10205 | D:9      | Noticed a two-headed ogre
 10232 | D:9      | Killed a two-headed ogre
 10302 | D:10     | Entered Level 10 of the Dungeon
 10722 | D:10     | Found a portal to a secret trove of treasure.
 11270 | D:10     | Identified the Handbook of the Lucky Compass
 11348 | D:10     | Found a staircase to the Orcish Mines.
 12223 | Orc:1    | Entered Level 1 of the Orcish Mines
 12365 | Orc:2    | Entered Level 2 of the Orcish Mines
 12418 | Orc:2    | Found a roughly hewn altar of Beogh.
 12546 | Orc:2    | Found a roughly hewn altar of Beogh.
 12547 | Orc:2    | Noticed an orc sorcerer
 12602 | Orc:2    | Noticed a sixfirhy
 12618 | Orc:2    | Mangled by an orc warrior

Skill      XL: |  1  2  3  4  5  6  7  8  9 10 11 |
---------------+----------------------------------+-----
Axes           | 4 5 6 8 10 11 14 | 14.9
Fighting       | 4 5 6 7 8 9 |  9.5
Armour         | 3 4 5 6 8 |  8.7
Shields        | 2 3 4 6 8 9 |  9.0
Dodging        | 3 4 |  4.3
Throwing       | 1 |  1.1
Stealth        | |  0.9

Action                   |  1- 3 |  4- 6 |  7- 9 | 10-12 || total
-------------------------+-------+-------+-------+-------++-------
Melee: Hand axe          |    74 |   147 |   451 |    26 ||   698
       Headbutt          |    13 |    24 |   100 |    63 ||   200
       Executioner's axe |       |       |    31 |   177 ||   208
       Broad axe         |       |       |       |   233 ||   233
Throw: Throwing net      |       |       |     1 |       ||     1
       Tomahawk          |       |       |     2 |     4 ||     6
       Javelin           |       |       |       |    10 ||    10
Invok: Burn Spellbooks   |       |       |       |     3 ||     3
Evoke: Wand              |       |       |       |     2 ||     2
  Use: Scroll            |    10 |     2 |    14 |    12 ||    38
       Potion            |     3 |       |     8 |     9 ||    20
 Stab: Paralysed         |       |     1 |       |       ||     1
  Eat: Chunk             |     1 |     6 |    10 |     6 ||    23
       Ration            |       |       |     1 |     3 ||     4
Armor: Chain mail        |    48 |    68 |   120 |   120 ||   356
       Plate armour      |       |       |       |    66 ||    66
Dodge: Dodged            |    39 |    34 |    48 |   100 ||   221
Block: Large shield      |       |    62 |   284 |   152 ||   498
